BLB
WILMINGTON WILDCATS @ MAINE GUIDES
08/21/2059
 
TOP OF THE 1ST
Wilmington Wildcats batting - Pitching for Maine Guides : RHP Malik Smith
Pitching: RHP Malik Smith
Batting: RHB Vince Cox 0-0: Ground out 4-3 (Groundball, 4, EV 90.0 MPH)
Batting: RHB Raymond Dixon 0-0: Ball
1-0: Ball
2-0: Ground out 5-3 (Groundball, 56, EV 84.4 MPH)
Batting: LHB James Munsie 0-0: Called Strike
0-1: Swinging Strike
0-2: Ball
1-2: Strikes out looking
Top of the 1st over - 0 runs, 0 hits, 0 errors, 0 left on base; Wilmington 0 - Maine 0
BOTTOM OF THE 1ST
Maine Guides batting - Pitching for Wilmington Wildcats : RHP Rick Robertson
Pitching: RHP Rick Robertson
Batting: RHB Walt Dutro 0-0: Called Strike
0-1: Swinging Strike
0-2: Strikes out swinging
Batting: RHB Sean Brown 0-0: Ball
1-0: Swinging Strike
1-1: Called Strike
1-2: Strikes out swinging
Batting: RHB Jarrett Shaneyfelt 0-0: Called Strike
0-1: Ground out 5-3 (Groundball, 5, EV 82.5 MPH)
Bottom of the 1st over - 0 runs, 0 hits, 0 errors, 0 left on base; Wilmington 0 - Maine 0
TOP OF THE 2ND
Wilmington Wildcats batting - Pitching for Maine Guides : RHP Malik Smith
Batting: RHB Shawn Gunn 0-0: Foul Ball, location: 2F
0-1: Foul Ball, location: 2F
0-2: Strikes out looking
Batting: RHB Evan Yanko 0-0: Called Strike
0-1: Ball
1-1: Foul Ball, location: 2F
1-2: Strikes out swinging
Batting: LHB James Mitchell 0-0: Foul Ball, location: 2F
0-1: Swinging Strike
0-2: Ground out 5-3 (Groundball, 5L, EV 98.1 MPH)
Top of the 2nd over - 0 runs, 0 hits, 0 errors, 0 left on base; Wilmington 0 - Maine 0
BOTTOM OF THE 2ND
Maine Guides batting - Pitching for Wilmington Wildcats : RHP Rick Robertson
Batting: RHB Nathan Bennett 0-0: Called Strike
0-1: Ball
1-1: Swinging Strike
1-2: Strikes out swinging
Batting: RHB Brad Pendolino 0-0: Called Strike
0-1: Swinging Strike
0-2: Ball
1-2: Fly out, F8 (Line Drive, 8LM, EV 103.8 MPH)
Batting: SHB Desmond Moynihan 0-0: Foul Ball, location: 2F
0-1: Ball
1-1: Swinging Strike
1-2: Strikes out swinging
Bottom of the 2nd over - 0 runs, 0 hits, 0 errors, 0 left on base; Wilmington 0 - Maine 0
TOP OF THE 3RD
Wilmington Wildcats batting - Pitching for Maine Guides : RHP Malik Smith
Batting: RHB Julian Crews 0-0: Called Strike
0-1: Ball
1-1: Ball
2-1: Ball
3-1: Swinging Strike
3-2: Base on Balls
Batting: RHB Lucas Shultz 0-0: Fly out, F8 (Line Drive, 89S, EV 90.0 MPH)
Batting: LHB Dorsey Cahue 0-0: Called Strike
0-1: SINGLE (Line Drive, 8LS, EV 98.1 MPH)
Julian Crews to second
Batting: RHB Vince Cox 0-0: Fly out, F8 (Flyball, 8LD, EV 101.2 MPH)
Runner from 2nd tags up, SAFE at 3rd with throw by CF
Batting: RHB Raymond Dixon 0-0: Hit by Pitch
Dorsey Cahue to second
Batting: LHB James Munsie 0-0: Called Strike
0-1: Foul Ball, location: 2F
0-2: Ball
1-2: Hit by Pitch
Julian Crews scores
Dorsey Cahue to third
Raymond Dixon to second
Batting: RHB Shawn Gunn 0-0: Foul Ball, location: 2F
0-1: SINGLE (Line Drive, 7LS, EV 92.5 MPH)
Dorsey Cahue scores
Raymond Dixon to third
James Munsie to second
Runner from 3rd tries for Home, SAFE, throw by LF to home
Batting: RHB Evan Yanko 0-0: Ball
1-0: Foul Ball, location: 2F
1-1: Ball
2-1: Foul Ball, location: 2F
2-2: Foul Ball, location: 2F
2-2: Foul Ball, location: 2F
2-2: Fly out, F9 (Flyball, 9, EV 86.9 MPH)
Top of the 3rd over - 3 runs, 2 hits, 0 errors, 2 left on base; Wilmington 3 - Maine 0
BOTTOM OF THE 3RD
Maine Guides batting - Pitching for Wilmington Wildcats : RHP Rick Robertson
Batting: RHB Jarrett Vazquez 0-0: Called Strike
0-1: Ball
1-1: Ball
2-1: Fly out, F8 (Flyball, 8LD, EV 102.5 MPH)
Batting: RHB Jaret Foley 0-0: Foul Ball, location: 2F
0-1: Ball
1-1: Ground out 5-3 (Groundball, 56S, EV 85.6 MPH)
Batting: RHB Benjamin Keating 0-0: Swinging Strike
0-1: Foul Ball, location: 2F
0-2: Strikes out swinging
Bottom of the 3rd over - 0 runs, 0 hits, 0 errors, 0 left on base; Wilmington 3 - Maine 0
TOP OF THE 4TH
Wilmington Wildcats batting - Pitching for Maine Guides : RHP Malik Smith
Batting: LHB James Mitchell 0-0: Fly out, F8 (Flyball, 8LXD, EV 105.6 MPH)
Batting: RHB Julian Crews 0-0: Foul Ball, location: 2F
0-1: Foul Ball, location: 2F
0-2: Ball
1-2: Ball
2-2: Foul Ball, location: 2F
2-2: Strikes out swinging
Batting: RHB Lucas Shultz 0-0: Ball
1-0: Called Strike
1-1: Foul Ball, location: 2F
1-2: Ground out 4-3 (Groundball, 4, EV 81.9 MPH)
Top of the 4th over - 0 runs, 0 hits, 0 errors, 0 left on base; Wilmington 3 - Maine 0
BOTTOM OF THE 4TH
Maine Guides batting - Pitching for Wilmington Wildcats : RHP Rick Robertson
Batting: RHB Walt Dutro 0-0: Ball
1-0: SINGLE (Groundball, 6MD, EV 111.2 MPH)
Batting: RHB Sean Brown 0-0: Ball
Walt Dutro steals 2nd base
1-0: DOUBLE (Line Drive, 7LS, EV 94.4 MPH)
Walt Dutro scores
Batting: RHB Jarrett Shaneyfelt 0-0: Foul Ball, location: 2F
0-1: Ball
1-1: Ball
2-1: Swinging Strike
2-2: Strikes out looking
Batting: RHB Nathan Bennett 0-0: Ball
1-0: Swinging Strike
1-1: SINGLE (Groundball, 4MD, EV 96.9 MPH)
Sean Brown to third
Batting: RHB Brad Pendolino 0-0: Ball
1-0: Fly out, F9 (Flyball, 9LM, EV 80.0 MPH)
Runner from 3rd tags up, SCORES, throw by RF
Batting: SHB Desmond Moynihan 0-0: Ball
1-0: Called Strike
Pickoff Throw by Catcher to First - Error! E2
Nathan Bennett to second
1-1: Ball
2-1: Called Strike
2-2: Ground out U3 (Groundball, 34, EV 104.4 MPH)
Bottom of the 4th over - 2 runs, 3 hits, 1 error, 1 left on base; Wilmington 3 - Maine 2
TOP OF THE 5TH
Wilmington Wildcats batting - Pitching for Maine Guides : RHP Malik Smith
Batting: LHB Dorsey Cahue 0-0: Ball
1-0: Foul Ball, location: 2F
1-1: Foul Ball, location: 2F
1-2: Strikes out swinging
Pitching: RHP Ellery Skaleski
Batting: RHB Vince Cox 0-0: Called Strike
0-1: Called Strike
0-2: Ball
1-2: Foul Ball, location: 2F
1-2: Ball
2-2: Strikes out swinging
Batting: RHB Raymond Dixon 0-0: Called Strike
0-1: Ball
1-1: Foul Ball, location: 2F
1-2: Ball
2-2: Foul Ball, location: 2F
2-2: Strikes out swinging
Top of the 5th over - 0 runs, 0 hits, 0 errors, 0 left on base; Wilmington 3 - Maine 2
BOTTOM OF THE 5TH
Maine Guides batting - Pitching for Wilmington Wildcats : RHP Rick Robertson
Batting: RHB Jarrett Vazquez 0-0: Swinging Strike
0-1: Called Strike
0-2: Foul Ball, location: 2F
0-2: Ball
1-2: Foul Ball, location: 2F
1-2: Ball
2-2: Fly out, F9 (Line Drive, 9, EV 89.4 MPH)
Batting: RHB Jaret Foley 0-0: Ball
1-0: Called Strike
1-1: Swinging Strike
1-2: Strikes out swinging
Batting: RHB Benjamin Keating 0-0: Swinging Strike
0-1: Ball
1-1: Ball
2-1: Fly out, F8 (Flyball, 8LM, EV 86.2 MPH)
Bottom of the 5th over - 0 runs, 0 hits, 0 errors, 0 left on base; Wilmington 3 - Maine 2
TOP OF THE 6TH
Wilmington Wildcats batting - Pitching for Maine Guides : RHP Ellery Skaleski
Batting: LHB James Munsie 0-0: Foul Ball, location: 2F
0-1: Foul Ball, location: 2F
0-2: Strikes out swinging
Batting: RHB Shawn Gunn 0-0: Ball
1-0: Ground out 1-3 (Groundball, 15, EV 66.9 MPH)
Batting: RHB Evan Yanko 0-0: Ball
1-0: Called Strike
1-1: Ball
2-1: Foul Ball, location: 2F
2-2: Foul Ball, location: 2F
2-2: Hit by Pitch
Batting: LHB James Mitchell 0-0: Called Strike
0-1: Foul Ball, location: 2F
0-2: Ball
1-2: Ball
2-2: Foul Ball, location: 2F
2-2: Foul Ball, location: 2F
2-2: Fly out, F8 (Flyball, 89D, EV 91.9 MPH)
Top of the 6th over - 0 runs, 0 hits, 0 errors, 1 left on base; Wilmington 3 - Maine 2
BOTTOM OF THE 6TH
Maine Guides batting - Pitching for Wilmington Wildcats : RHP Rick Robertson
Batting: RHB Walt Dutro 0-0: Ground out 6-3 (Groundball, 6S, EV 70.6 MPH)
Batting: RHB Sean Brown 0-0: Ball
1-0: SINGLE (Line Drive, 3D, EV 98.8 MPH)
Batting: RHB Jarrett Shaneyfelt 0-0: Ball
1-0: Called Strike
1-1: Ball
2-1: SINGLE (Line Drive, 9LS, EV 93.8 MPH)
Sean Brown to second
Runner from 2nd tries for 3rd, SAFE, throw by RF made to third
Batting: RHB Nathan Bennett 0-0: Ball
1-0: SINGLE (Line Drive, 9S, EV 101.2 MPH)
Sean Brown scores
Jarrett Shaneyfelt to second
Batting: RHB Brad Pendolino 0-0: SINGLE (Line Drive, 4MD, EV 100.0 MPH)
Jarrett Shaneyfelt to third
Nathan Bennett to second
Batting: SHB Desmond Moynihan 0-0: Ball
1-0: Foul Ball, location: 2F
1-1: SINGLE (Groundball, 6D, EV 95.6 MPH)
Jarrett Shaneyfelt scores
Nathan Bennett to third
Brad Pendolino to second
Runner from 3rd tries for Home, throw by CF and OUT! 8-2
Batting: RHB Jarrett Vazquez 0-0: Ball
1-0: Foul Ball, location: 2F
1-1: Called Strike
1-2: Foul Ball, location: 2F
1-2: Foul Ball, location: 2F
1-2: Ground out 3-1 (Groundball, 34S, EV 86.2 MPH)
Bottom of the 6th over - 2 runs, 5 hits, 0 errors, 2 left on base; Wilmington 3 - Maine 4
TOP OF THE 7TH
Wilmington Wildcats batting - Pitching for Maine Guides : RHP Ellery Skaleski
Batting: RHB Julian Crews 0-0: Ball
1-0: Ground out 1-3 (Groundball, 13, EV 75.0 MPH)
Batting: RHB Lucas Shultz 0-0: Ball
1-0: Ball
2-0: Ball
3-0: Called Strike
3-1: Fly out, F8 (Line Drive, 8RD, EV 89.4 MPH)
Batting: LHB Dorsey Cahue 0-0: Foul Ball, location: 2F
0-1: Called Strike
0-2: Ball
1-2: Ball
2-2: Ball
3-2: Base on Balls
Batting: RHB Vince Cox 0-0: Ball
Dorsey Cahue steals 2nd base (no throw)
1-0: Ball
2-0: Foul Ball, location: 2F
2-1: Ground out 3-1 (Groundball, 34, EV 104.4 MPH)
Top of the 7th over - 0 runs, 0 hits, 0 errors, 1 left on base; Wilmington 3 - Maine 4
BOTTOM OF THE 7TH
Maine Guides batting - Pitching for Wilmington Wildcats : RHP Rick Robertson
Batting: RHB Jaret Foley 0-0: Called Strike
0-1: Ball
1-1: Ball
2-1: Foul Ball, location: 2F
2-2: Fly out, F8 (Flyball, 78M, EV 92.5 MPH)
Batting: RHB Benjamin Keating 0-0: Hit by Pitch
Batting: RHB Walt Dutro 0-0: Foul Ball, location: 2F
0-1: Called Strike
0-2: Foul Ball, location: 2F
0-2: Ball
1-2: SINGLE (Line Drive, 6D, EV 97.5 MPH)
Benjamin Keating to second
Batting: RHB Sean Brown 0-0: Ball
1-0: Ball
2-0: Ball
3-0: Called Strike
3-1: Foul Ball, location: 2F
3-2: Foul Ball, location: 2F
3-2: Base on Balls
Benjamin Keating to third
Walt Dutro to second
Batting: RHB Jarrett Shaneyfelt 0-0: Foul Ball, location: 2F
0-1: Grounds into double play, 6-4-3 (Groundball, 6D, EV 105.0 MPH)
Bottom of the 7th over - 0 runs, 1 hit, 0 errors, 2 left on base; Wilmington 3 - Maine 4
TOP OF THE 8TH
Wilmington Wildcats batting - Pitching for Maine Guides : RHP Ellery Skaleski
Batting: RHB Raymond Dixon 0-0: Ground out 6-3 (Groundball, 56, EV 109.4 MPH)
Batting: LHB James Munsie 0-0: Ball
1-0: Called Strike
1-1: Ball
2-1: Ball
3-1: Base on Balls
Pinch Runner at 1st Zeke Lebron:
Batting: RHB Shawn Gunn 0-0: Ball
Zeke Lebron steals 2nd base
1-0: Ball
2-0: Called Strike
2-1: Ball
3-1: Called Strike
3-2: Foul Ball, location: 2F
3-2: Strikes out swinging
Batting: RHB Evan Yanko 0-0: Called Strike
0-1: Ground out 4-3 (Groundball, 4, EV 85.0 MPH)
Top of the 8th over - 0 runs, 0 hits, 0 errors, 1 left on base; Wilmington 3 - Maine 4
BOTTOM OF THE 8TH
Maine Guides batting - Pitching for Wilmington Wildcats : RHP Rick Robertson
Now at 1B: Shawn Gunn
Now in LF: Zeke Lebron
Batting: RHB Nathan Bennett 0-0: Ground out 5-3 (Groundball, 56S, EV 76.2 MPH)
Batting: RHB Brad Pendolino 0-0: SINGLE (Groundball, 34D, EV 110.6 MPH)
Pitching: RHP Abel Harreld
Batting: SHB Desmond Moynihan 0-0: Called Strike
0-1: Ball
1-1: Foul Ball, location: 2F
1-2: Strikes out looking
Batting: RHB Jarrett Vazquez 0-0: Called Strike
0-1: Ball
1-1: Swinging Strike
1-2: Foul Ball, location: 2F
Pickoff Throw to First - Out! 1-3 CS
Bottom of the 8th over - 0 runs, 1 hit, 0 errors, 0 left on base; Wilmington 3 - Maine 4
TOP OF THE 9TH
Wilmington Wildcats batting - Pitching for Maine Guides : RHP Ellery Skaleski
Pitching: RHP Parker Terry
Now in LF: Damian Counts
Batting: LHB James Mitchell 0-0: Foul Ball, location: 2F
0-1: Foul Ball, location: 2F
0-2: Ball
1-2: Ball
2-2: Ball
3-2: Base on Balls
Batting: RHB Julian Crews 0-0: Swinging Strike
0-1: Ball
1-1: Foul Ball, location: 2F
1-2: Strikes out swinging
Pinch Hitting: RHB Brad Rahl 0-0: Called Strike
0-1: Ball
1-1: Ball
2-1: Fly out, F8 (Flyball, 8LS, EV 88.1 MPH)
Batting: LHB Dorsey Cahue 0-0: Swinging Strike
0-1: Swinging Strike
0-2: Ball
1-2: Ball
2-2: Fly out, F4 (Line Drive, 4, EV 70.6 MPH)
Top of the 9th over - 0 runs, 0 hits, 0 errors, 1 left on base; Wilmington 3 - Maine 4
Monday, March 25th , 2024 - OOTP Baseball 23.10 Build 110